 Dungeon Crawl Stone Soup version 0.22-a0-587-g7d32d7c (webtiles) character file.

2 Azzok the Digger (level 1, 0/10 HPs)
             Began as a Gargoyle Earth Elementalist on July 4, 2018.
             Slain by a rat (1 damage)
             ... on level 1 of the Dungeon.
             The game lasted 00:00:10 (25 turns).

Azzok the Digger (Gargoyle Earth Elementalist)        Turns: 25, Time: 00:00:10

Health: 0/10       AC:  4    Str: 11    XL:     1   Next: 30%
Magic:  1/3        EV: 12    Int: 15    God:
Gold:   0          SH:  0    Dex: 10    Spells: 3/4 levels left

rFire    . . .     SeeInvis .   (no weapon)
rCold    . . .     Gourm    .   (no shield)
rNeg     + . .     Faith    .   c - +0 robe
rPois    ∞         Spirit   .   (no helmet)
rElec    +         Reflect  .   (no cloak)
rCorr    .         Harm     .   (no gloves)
MR       .....                  (no boots)
Stlth    ++........             (no amulet)
HPRegen  0.03/turn              (no ring)
MPRegen  0.08/turn              (no ring)

@: no status effects
A: negative energy resistance 1, electricity resistance, unbreathing,
petrification resistance, rot immunity, AC +2
a: no special abilities


You were on level 1 of the Dungeon.
You were not hungry.

You visited 1 branch of the dungeon, and saw 1 of its levels.

Inventory:

Missiles
 b - 28 stones (quivered)
Armour
 c - a +0 robe (worn)
Comestibles
 d - a ration


   Skills:
 - Level 1.5 Dodging
 - Level 2.1 Stealth
 - Level 2.0 Spellcasting
   Level 0.7 Transmutations
 + Level 3.8 Earth Magic


You had 3 spell levels left.
You knew the following spells:

 Your Spells              Type           Power        Failure   Level  Hunger
a - Sandblast             Erth           ##....       4%          1    #......

Your spell library contained the following spells:

 Spells                   Type           Power        Failure   Level  Hunger
 Stone Arrow              Conj/Erth      #.....       30%         3    ###....
 Passwall                 Tmut/Erth      #.......     13%         2    ###....
 Lee's Rapid Deconstruct  Erth           ##........   77%         5    ######.
 Petrify                  Tmut/Erth      #.......     65%         4    #####..


Dungeon Overview and Level Annotations

Branches:
Dungeon (1/15)

Altars:


Innate Abilities, Weirdness & Mutations

You are resistant to torment.
Your stone body is resilient. (AC +2)
You are immune to poison.
You resist negative energy. (rN+)
You are resistant to electric shocks. (rElec)
You can survive without breathing.
You are immune to petrification.
You are immune to rotting.


Message History

The giant cockroach bites you but does no damage.
The rat closely misses you.
The giant cockroach bites you but does no damage.
You hit the giant cockroach.
The giant cockroach is severely wounded.
The rat bites you but does no damage. The giant cockroach bites you.
You hit the giant cockroach.
The giant cockroach is almost dead.
The rat closely misses you. The giant cockroach barely misses you.
Your magical contamination has completely faded away.
You closely miss the giant cockroach.
The giant cockroach is almost dead.
The rat bites you.
* * * LOW HITPOINT WARNING * * *
The giant cockroach bites you.
* * * LOW HITPOINT WARNING * * *
You closely miss the giant cockroach.
The giant cockroach is almost dead.
The giant cockroach closely misses you. The rat bites you.
You die...

▒▒▒▒▒▒▒▒▒
▒·[·····▒
▒········
▒·······▒▒▒ ▒
▒·········▒ ··
▒····†)·▒·▒▒·▒
▒····rs······▒
▒·····@·▒·▒▒
▒▒▒▒·▒·▒·▒·▒
▒▒·▒·▒·▒
··▒·▒·▒·▒
▒·▒·▒<▒·▒··
····▒·▒·▒·▒▒·
··$▒▒·▒ ▒·▒··
··· ▒·▒ ▒·▒▒▒
▒·▒▒·▒ ▒·▒


You could see a giant cockroach and a rat.

Vanquished Creatures
  A hobgoblin (D:1)
  A rat (D:1)
2 creatures vanquished.

Notes
Turn   | Place    | Note
-------+----------+-------------------------------------------
     0 | D:1      | Azzok the Gargoyle Earth Elementalist began the quest for the Orb.
     0 | D:1      | Reached XP level 1. HP: 10/10 MP: 3/3
    25 | D:1      | Slain by a rat

Vault maps used:
D:1:      lightli_arrival_chessboard, kennysheep_small_spiral

Action                   || total
-------------------------++-------
Melee: Unarmed           ||    19
 Cast: Sandblast         ||     2
Armor: Robe              ||    10
Dodge: Dodged            ||    18

Table legend:
 A = Spawn XP
 B = Non-spawn XP
 C = Spawn XP percentage of total XP
 D = Spawn monster count
 E = Non-spawn monster count
 F = Spawn count percentage of total count
 G = Total turns spent on level
                    A         B        C        D         E        F      G
               +---------+---------+-------+---------+---------+-------+---------
         Total |       0 |       3 |   0.0 |       0 |       2 |   0.0 |    25
               +---------+---------+-------+---------+---------+-------+---------
           D:1 |       0 |       3 |   0.0 |       0 |       2 |   0.0 |    25
               +---------+---------+-------+---------+---------+-------+---------
